 Dungeon Crawl Stone Soup version 0.29-a0-11-ga75d3d97ab (webtiles) character file.

Game seed: 11474529835164837332

25 HallandMoats the Skirmisher (level 3, 0/33 HPs)
             Began as a Ghoul Monk on Jan 28, 2022.
             Was a Believer of Vehumet.
             Slain by a kobold (2 damage)
             ... on level 1 of the Dungeon.
             The game lasted 00:00:52 (833 turns).

HallandMoats the Skirmisher (Ghoul Monk)             Turns: 833, Time: 00:00:53

Health: 0/33       AC:  4    Str: 16    XL:     3   Next: 4%
Magic:  2/2        EV: 12    Int:  5    God:    Vehumet [**....]
Gold:   20         SH:  0    Dex: 11    Spells: 2/2 levels left

rFire   . . .      SeeInvis .     - Unarmed
rCold   + . .      Faith    .   (no shield)
rNeg    + + +      Spirit   .   h - +0 leather armour
rPois   ∞          Reflect  .   (no helmet)
rElec   .          Harm     .   (no cloak)
rCorr   .          Rampage  .   (no gloves)
Will    .....                   e - +0 pair of boots
Stlth   ++........              (no amulet)
HPRegen 0.00/turn               (no ring)
MPRegen 0.08/turn               (no ring)

@: inhibited regen
A: claws 1, cold resistance 1, negative energy resistance 3, inhibited
regeneration, torment resistance 2
a: Renounce Religion


You were on level 1 of the Dungeon.
You worshipped Vehumet.
Vehumet was pleased with you.
You visited 1 branch of the dungeon, and saw 1 of its levels.

You collected 20 gold pieces.

Inventory:

Armour
 a - a +0 robe
 e - a +0 pair of boots (worn)
 h - a +0 leather armour (worn)
Scrolls
 f - a scroll of blinking {unknown}
 g - a scroll of immolation {unknown}
Potions
 b - 2 potions of curing {unknown}
 c - a potion of brilliance {unknown}
 d - a potion of lignification {unknown}


   Skills:
 * Level 3.7 Fighting
 + Level 0.6 Armour
 + Level 2.9 Dodging
 - Level 2.1 Stealth
 * Level 3.7 Unarmed Combat


You had 2 spell levels left.
You didn't know any spells.
Your spell library contained the following spells:

 Spells                   Type           Power      Damage    Failure   Level
 Freeze                   Ice            0%         1d3       54%         1
 Corpse Rot               Necr/Air       0%         N/A       69%         2
 Poisonous Vapours        Pois/Air       0%         N/A       69%         2


Dungeon Overview and Level Annotations

Branches:
Dungeon (1/15)

Altars:
Vehumet


Innate Abilities, Weirdness & Mutations

You thrive by killing the living.
You are immune to poison.
You have sharp fingernails.
Your flesh is cold resistant. (rC+)
You are immune to negative energy. (rN+++)
You do not regenerate when monsters are visible.
You are immune to unholy pain and torment.


Message History

The kobold hits you with a +0 club. The kobold hits you with a +0 club.
The kobold hits you with a +0 club. The kobold hits you but does no damage.
The kobold hits you but does no damage. The kobold hits you with a +0 club.
The kobold hits you but does no damage. The kobold hits you but does no damage.
The kobold hits you but does no damage. The kobold hits you but does no damage.
The kobold hits you but does no damage. The kobold closely misses you.
The kobold closely misses you. The kobold hits you but does no damage.
The kobold barely misses you. The kobold hits you with a +0 club.
The kobold barely misses you. The kobold hits you but does no damage.
The kobold barely misses you. The kobold closely misses you.
The kobold hits you with a +0 club. The kobold completely misses you.
The kobold hits you but does no damage. The kobold hits you with a +0 club.
The kobold closely misses you. The kobold closely misses you.
The kobold hits you with a +0 club.
* * * LOW HITPOINT WARNING * * *
The kobold hits you with a +0 club.
* * * LOW HITPOINT WARNING * * *
The kobold hits you but does no damage. The kobold barely misses you.
The kobold completely misses you. The kobold hits you but does no damage.
The kobold barely misses you. The kobold hits you with a +0 club.
* * * LOW HITPOINT WARNING * * *
The kobold closely misses you. The kobold hits you with a +0 club.
You die...

. #.##.##.# #
#.##.##.#
#####.##.##.#
.........##.##
##.########..#
#.# ##.# #.# #.#
#.# #.###### #.#
#....@.# #.#
######K# #.# .#
#.# .# #.######
.# #.##..># .#
##.##...########
.#
.............^..
.# )......†..##


You could see a kobold.

Vanquished Creatures
  2 dart slugs (D:1)
  3 endoplasms (D:1)
  3 giant cockroaches (D:1)
  A goblin (D:1)
  2 hobgoblins (D:1)
  A quokka (D:1)
  3 ball pythons (D:1)
  A kobold (D:1)
  3 rats (D:1)
19 creatures vanquished.

Notes
Turn   | Place    | Note
-------+----------+-------------------------------------------
     0 | D:1      | HallandMoats the Ghoul Monk began the quest for the Orb.
     0 | D:1      | Reached XP level 1. HP: 19/19 MP: 0/0
    62 | D:1      | Reached XP level 2. HP: 12/26 MP: 1/1
   711 | D:1      | Found a faded altar of an unknown god.
   720 | D:1      | Reached XP level 3. HP: 33/33 MP: 2/2
   740 | D:1      | Prayed at the altar of an unknown god.
   740 | D:1      | Became a worshipper of Vehumet
   740 | D:1      | Reached * piety under Vehumet
   740 | D:1      | Offered knowledge of Freeze by Vehumet.
   740 | D:1      | Reached ** piety under Vehumet
   833 | D:1      | Slain by a kobold

Illustrated notes

Levels and vault maps discovered:
D:1:      dpeg_arrival_tiny_c, layout_loops_ring,
          ebering_ecumenical_altar_abandoned

Action                   || total
-------------------------++-------
Melee: Unarmed           ||    60
       Punch             ||     1
 Stab: Sleeping          ||     1
Armor: Robe              ||     7
       Leather armour    ||    14
Dodge: Dodged            ||    57

Table legend: (Time is in decaauts)
 A = Elapsed time spent in this place.
 B = Non-inter-level travel time spent in this place.
 C = Inter-level travel time spent in this place.
 D = Time resting spent in this place.
 E = Time spent auto-exploring this place.
 F = Levels seen in this place.
 G = Mean time per level.
                   A        B        C        D        E       F      G
               +--------+--------+--------+--------+--------+-----+--------+
         Total |    829 |    829 |      0 |    163 |    443 |   1 |  829.0 |
       Dungeon |    829 |    829 |      0 |    163 |    443 |   1 |  829.0 |
               +--------+--------+--------+--------+--------+-----+--------+

Top non-repeatable levels by time:
     D:1: 829 daAuts
